 Dungeon Crawl Stone Soup version 0.30-a0-134-gb40fab5c76 (webtiles) character file.

Game seed: 14013759827852383222

365 greasedhog the Cudgeller (level 6, -6/36 HPs)
             Began as a Gargoyle Chaos Knight on Sept 19, 2022.
             Was a Plaything of Xom.
             Mangled by a deep troll (shapeshifter) (13 damage)
             ... on level 4 of the Dungeon.
             The game lasted 00:04:57 (3964 turns).

greasedhog the Cudgeller (Gargoyle Chaos Knight)    Turns: 3964, Time: 00:04:57

Health: -6/36      AC: 13    Str: 31    XL:     6   Next: 68%
Magic:  6/6        EV: 10    Int: 14    God:    Xom [......]
Gold:   1400       SH:  0    Dex:  6    Spells: 5/5 levels left

rFire   . . .      SeeInvis +    a - +0 mace (chaos)
rCold   + + .      Faith    .    (no shield)
rNeg    + . .      Spirit   .    o - +1 ring mail "Qexki" {Str+2 Dex-4 Slay+5 SInv}
rPois   ∞          Reflect  .    u - +0 helmet
rElec   +          Harm     .    (no cloak)
rCorr   .          Rampage  .    (no gloves)
Will    .....                    b - +1 pair of boots of the Dungeon {+Blink rC++ Stlth+}
Stlth   +.........               (no amulet)
HPRegen 0.12/turn                d - +6 ring of strength
MPRegen 0.10/turn                (no ring)

@: no status effects
A: sickness immunity, AC +4, negative energy resistance 1, electricity
resistance, torment resistance 1, petrification resistance, hooves 1, iridescent
scales 1, agile 1, clever 1, deformed body, frail 1, sense surroundings 1,
strong 2
a: Renounce Religion, Evoke Blink


You were on level 4 of the Dungeon.
You worshipped Xom.
You were a very special plaything of Xom.
You visited 1 branch of the dungeon, and saw 4 of its levels.

You collected 1807 gold pieces.
You spent 407 gold pieces at shops.

Inventory:

Hand Weapons
 a - a +0 mace of chaos (weapon)
Missiles
 e - 3 curare-tipped darts (quivered)
 l - 2 boomerangs
Armour
 b - the +1 pair of boots of the Dungeon (worn) {+Blink rC++ Stlth+}
   (Xom gifted it to you on level 2 of the Dungeon)

   rC:        It greatly protects you from cold.
   +Blink:    It lets you blink.
   Stlth:     It makes you more stealthy.
 o - the +1 ring mail "Qexki" (worn) {Str+2 Dex-4 Slay+5 SInv}
   (You bought it in a shop on level 2 of the Dungeon)

   Str:       It affects your strength (+2).
   Dex:       It affects your dexterity (-4).
   Slay:      It affects your accuracy & damage with ranged weapons and melee
   (+5).
   SInv:      It lets you see invisible.
 u - a +0 helmet (worn)
Jewellery
 d - a +6 ring of strength (left hand)
Wands
 m - a wand of roots (12)
Scrolls
 k - a scroll of enchant armour
 n - a scroll of teleportation
 p - 2 scrolls of magic mapping
 q - a scroll of fear {unknown}
 s - a scroll of identify
 v - a scroll of fog
 w - a scroll of enchant weapon {unknown}
Potions
 f - a potion of degeneration {unknown}
 g - a potion of haste
 h - a potion of invisibility {unknown}
 i - a potion of curing {unknown}
 j - 3 potions of magic {unknown}
 r - a potion of ambrosia
 t - a potion of attraction {unknown}
Miscellaneous
 c - a piece from Xom's chessboard (15/15)


   Skills:
 - Level 5.4 Fighting
 * Level 5.5 Maces & Flails
 * Level 3.5 Armour
 - Level 0.7 Dodging


You had 5 spell levels left.
You didn't know any spells.
Your spell library contained the following spells:

 Spells                   Type           Power      Damage    Failure   Level
 Apportation              Tloc           0%         N/A       38%         1
 Necrotise                Necr           0%         1d4       38%         1
 Summon Small Mammal      Summ           0%         N/A       38%         1
 Dispel Undead            Necr           0%         3d6       99%         4
 Death Channel            Necr           0%         N/A       100%        6
 Cigotuvi's Dreadful Rot  Necr/Pois/Air  Unusable   N/A       N/A         2

Dungeon Overview and Level Annotations

Branches:
Dungeon (4/15)
 Temple: D:4-7

Altars:
Ashenzari
Gozag
Yredelemnul

Shops:
D:2 [   D:4 *


Innate Abilities, Weirdness & Mutations

You are immune to sickness and miasma.
Your stone body is resilient. (AC +4)
You are immune to poison.
You resist negative energy. (rN+)
You are resistant to electric shocks. (rElec)
You are resistant to unholy torment.
You are immune to petrification.
You have large cloven feet.
You are partially covered in iridescent scales. (AC +2)
You are agile. (Dex +4, Str/Int -1)
Your mind is acute. (Int +4, Str/Dex -1)
Armour fits poorly on your strangely shaped body.
You are frail. (-10% HP)
You passively map a small area around you.
Your muscles are very strong. (Str +8, Int/Dex -2)


Message History

Things that are here:
a +0 dagger; a +0 sling; a goblin corpse
Found an opulent altar of Gozag.
Found Gozag's Platinum Reserve.
There is an opulent altar of Gozag here.
A kobold comes into view. It is wielding a +0 short sword.
The kobold shouts!
A kobold is nearby!
No reachable target in view!
No reachable target in view!
No reachable target in view!
There is an entrance to Gozag's Platinum Reserve here.
There is an opulent altar of Gozag here.
Why would you want to do that?
An endoplasm comes into view.
A hobgoblin comes into view.
The hobgoblin shouts!
The endoplasm quivers.
You hear a bark!
An adder comes into view.
The hobgoblin moves out of view.
The adder hisses angrily.
A hound comes into view.
Found a fizzy silvery potion.
You sock the endoplasm!
You kill the endoplasm!
You are now a very special plaything of Xom.
You closely miss the hound.
The hound bites you but does no damage. x2
You hit the hound.
The hound changes into a shapeshifter!
Xom is amused.
The shapeshifter changes into a deep troll!
The hobgoblin hits you.
You closely miss the deep troll. The hobgoblin completely misses you.
The deep troll bites you!!
Ouch! That really hurt!
The deep troll claws you!
* * * LOW HITPOINT WARNING * * *
The deep troll claws you!
You die...
Xom howls with laughter!

* * ,, * , , * , , * ***
# ##* #.#.#*
###....##### #
,.....Sg@...####### #. ,
......T###.......######.
....... ####.##......#.
!......* #............#.
....... #.≈≈.≈≈......#.
,......w #.≈...≈........
.....K.* #.≈._.≈........
.......###≈≈...≈≈#####.)
,...K≈.....≈# #..


You could see a deep troll shaped shifter, a worm, an adder, a hobgoblin and a
kobold.

Vanquished Creatures
  Sigmund (D:2)
  An orc priest (D:3)
  A jelly (D:4)
  A hound (D:4)
  4 adders
  A worm (D:3)
  A dart slug (D:1)
  5 orcs (D:3)
  8 bats
  11 endoplasms
  2 giant cockroaches (D:2)
  9 goblins
  8 hobgoblins
  6 kobolds
  A quokka (D:4)
  4 ball pythons
  5 frilled lizards
  2 rats
71 creatures vanquished.

Notes
Turn   | Place    | Note
-------+----------+-------------------------------------------
     0 | D:1      | greasedhog the Gargoyle Chaos Knight began the quest for
                  | the Orb.
     0 | D:1      | Reached XP level 1. HP: 14/14 MP: 1/1
   142 | D:1      | XOM: butterfly on damage
   337 | D:1      | Reached XP level 2. HP: 17/19 MP: 2/2
   679 | D:1      | Reached XP level 3. HP: 9/24 MP: 3/3
   750 | D:1      | XOM: 1-stop teleportation journey
   761 | D:1      | XOM: god gift: 765 gold pieces
  1074 | D:1      | XOM: give mutations
  1074 | D:1      | Gained mutation: Your muscles are strong. (Str +4, Int/Dex
                  | -1) [Xom's grace]
  1074 | D:1      | Gained mutation: You are agile. (Dex +4, Str/Int -1) [Xom's
                  | grace]
  1074 | D:1      | Gained mutation: Your muscles are very strong. (Str +8,
                  | Int/Dex -2) [Xom's grace]
  1074 | D:1      | Gained mutation: You possess an exceptional clarity of
                  | mind. [Xom's grace]
  1300 | D:1      | XOM: give mutations
  1300 | D:1      | Gained mutation: You passively dampen the noise of your
                  | surroundings. [Xom's grace]
  1300 | D:1      | Gained mutation: You passively map a small area around you.
                  | [Xom's grace]
  1300 | D:1      | Gained mutation: Your mind is acute. (Int +4, Str/Dex -1)
                  | [Xom's grace]
  1300 | D:1      | Gained mutation: Your movements are slightly less
                  | encumbered by armour. (ER -2) [Xom's grace]
  1340 | D:1      | Found a faded altar of an unknown god.
  1343 | D:1      | XOM: give mutations
  1343 | D:1      | Lost mutation: You passively dampen the noise of your
                  | surroundings. [Xom's mischief]
  1343 | D:1      | Gained mutation: Armour fits poorly on your strangely
                  | shaped body. [Xom's mischief]
  1343 | D:1      | Gained mutation: You are partially covered in iridescent
                  | scales. (AC +2) [Xom's mischief]
  1343 | D:1      | Lost mutation: Your movements are slightly less encumbered
                  | by armour. (ER -2) [Xom's mischief]
  1543 | D:1      | XOM is BORED!
  1543 | D:1      | XOM: give mutations
  1543 | D:1      | Gained mutation: You are frail. (-10% HP) [Xom's mischief]
  1543 | D:1      | Lost mutation: You possess an exceptional clarity of mind.
                  | [Xom's mischief]
  1628 | D:2      | XOM: noise
  2095 | D:2      | Noticed Sigmund
  2100 | D:2      | XOM: enchant monster (good)
  2108 | D:2      | Killed Sigmund
  2109 | D:2      | Reached skill level 5 in Fighting
  2109 | D:2      | Reached XP level 4. HP: 3/27 MP: 4/4
  2109 | D:2      | Reached XP level 5. HP: 4/31 MP: 5/5
  2387 | D:2      | XOM: 1-stop teleportation journey
  2521 | D:2      | XOM: god gift: 56 gold pieces
  2587 | D:2      | XOM: god gift: 2 boomerangs
  2629 | D:2      | Found Dis Wuci's Armour Boutique.
  2646 | D:2      | Bought the +1 ring mail "Qexki" {Str+2 Dex-4 Slay+5 SInv}
                  | for 407 gold pieces
  2700 | D:2      | Identified the +1 pair of boots of the Dungeon {+Blink rC++
                  | Stlth+} (Xom gifted it to you on level 2 of the Dungeon)
  2700 | D:2      | XOM: god gift: +1 pair of boots of the Dungeon {+Blink rC++
                  | Stlth+}
  2926 | D:3      | Reached skill level 5 in Maces & Flails
  3096 | D:3      | XOM: god gift: 53 gold pieces
  3239 | D:3      | XOM: give mutation
  3239 | D:3      | Gained mutation: You have large cloven feet. [Xom's grace]
  3268 | D:3      | Reached XP level 6. HP: 36/36 MP: 6/6
  3312 | D:3      | XOM: god gift: 741 gold pieces
  3341 | D:3      | XOM: enchant monster (bad)
  3689 | D:3      | Found a basalt altar of Yredelemnul.
  3690 | D:3      | Found a broken altar of Ashenzari.
  3924 | D:4      | Found an opulent altar of Gozag.
  3925 | D:4      | Found Gozag's Platinum Reserve.
  3963 | D:4      | a hound changed into a shapeshifter
  3963 | D:4      | Noticed a shapeshifter (shapeshifter)
  3963 | D:4      | a shapeshifter changed into a deep troll
  3963 | D:4      | Noticed a deep troll (shapeshifter)
  3964 | D:4      | Mangled by a deep troll (shapeshifter)

Illustrated notes

Levels and vault maps discovered:
D:1:      psy_arrival_radial02, layout_basic,
          ebering_ecumenical_altar_sacrificial, serial_bayou_pond_b,
          amethyst_killhole, hangedman_decor_diamond_cutter
D:2:      layout_basic, serial_shops, nicolae_lakefront_shop, st_stairs_2,
          uniq_sigmund
D:3:      layout_loops_ring, mainiacjoe_overflow_divided_tiny
D:4:      layout_basic, nicolae_gozag_zags_fifth_avenue, grunt_ministairs_2

Skill      XL: |  1  2  3  4  5  6 |
---------------+-------------------+-----
Fighting       | 5 |  5.4
Maces & Flails | 4 5 |  5.5
Armour         | 3 |  3.5
Dodging        | |  0.7

Action                   |  1- 3 |  4- 6 || total
-------------------------+-------+-------++-------
Melee: Mace              |    93 |    96 ||   189
       Punch             |       |     2 ||     2
  Use: Scroll            |     2 |     4 ||     6
       Potion            |     1 |       ||     1
 Stab: Sleeping          |       |     1 ||     1
Armor: Leather armour    |    34 |    19 ||    53
       Ring mail         |       |    48 ||    48
Dodge: Dodged            |    42 |    58 ||   100

Table legend: (Time is in decaauts)
 A = Elapsed time spent in this place.
 B = Non-inter-level travel time spent in this place.
 C = Inter-level travel time spent in this place.
 D = Time resting spent in this place.
 E = Time spent auto-exploring this place.
 F = Levels seen in this place.
 G = Mean time per level.
                   A        B        C        D        E       F      G
               +--------+--------+--------+--------+--------+-----+--------+
         Total |   3984 |   3902 |     82 |      5 |   3303 |   4 |  996.0 |
       Dungeon |   3984 |   3902 |     82 |      5 |   3303 |   4 |  996.0 |
               +--------+--------+--------+--------+--------+-----+--------+

Top non-repeatable levels by time:
     D:1: 1573 daAuts
     D:2: 1347 daAuts
     D:3: 842 daAuts
     D:4: 222 daAuts
